 Dungeon Crawl Stone Soup version 0.21.1-1-g345015f (webtiles) character file.

237840 toffzen the Spry (level 20, -7/139 HPs)
             Began as a Kobold Berserker on June 19, 2018.
             Was a High Priest of Trog.
             Mangled by a vault warden
             ... wielding a +3 battleaxe of flaming
              (17 damage)
             ... on level 2 of the Vaults on June 24, 2018.
             The game lasted 03:04:58 (53882 turns).

toffzen the Spry (Kobold Berserker)                Turns: 53882, Time: 03:04:59

Health: -7/139     AC: 20    Str: 24    XL:     20   Next: 50%
Magic:  20/20      EV: 24    Int: 12    God:    Trog [*****.]
Gold:   2164       SH: 11    Dex: 17    Spells: 19/19 levels left

rFire    + . .     SeeInvis +   X - +5 scimitar of Buzet {venom, *Contam *Drain rElec MR+++}
rCold    + . .     Gourm    .   p - +0 shield of Otryiplo {Regen+ Str+7 Int+3 Dex-3}
rNeg     . . .     Faith    .   E - +0 scale mail {rF+}
rPois    +         Spirit   .   r - +1 helmet {SInv}
rElec    +         Reflect  .   w - +2 cloak
rCorr    +         Harm     .   s - +2 pair of gloves
MR       ++++.                  T - +0 pair of boots {run}
Stlth    +++++.....             (no amulet)
HPRegen  0.73/turn              P - ring of Jumioneo {rCorr rPois}
MPRegen  0.17/turn              J - ring of protection from cold

@: berserk cooldown, slowed, heavily drained, very slow
A: small, carnivore
}: 1/15 runes: gossamer
a: Berserk, Trog's Hand, Brothers in Arms, Burn Spellbooks, Renounce Religion


You were on level 2 of the Vaults.
You worshipped Trog.
Trog was extremely pleased with you.
You were very full.

You visited 5 branches of the dungeon, and saw 29 of its levels.

You collected 2868 gold pieces.
You spent 704 gold pieces at shops.

Inventory:

Hand Weapons
 a - a +9 antimagic quick blade
 b - a +0 hand crossbow
 c - a +8 quick blade of protection
 g - the +8 lance "Wyrmbane" {slay drac, rPois rF+ rC+ AC+3}
   (You found it on level 3 of the Spider Nest)

   It affects your AC (+3).
   It protects you from fire.
   It protects you from cold.
   It protects you from poison.
 D - a +7 antimagic rapier
 X - the +5 scimitar of Buzet (weapon) {venom, *Contam *Drain rElec MR+++}
   (You found it on level 2 of the Vaults)

   It poisons the flesh of those it strikes.
   It insulates you from electricity.
   It affects your resistance to hostile enchantments.
   It causes magical contamination when unequipped.
   It causes draining when unequipped.
Missiles
 d - 995 stones (quivered)
 e - 453 bolts
 y - 5 throwing nets
Armour
 p - the +0 shield of Otryiplo (worn) {Regen+ Str+7 Int+3 Dex-3}
   (You found it on level 4 of the Spider Nest)

   It affects your strength (+7).
   It affects your intelligence (+3).
   It affects your dexterity (-3).
   It increases your rate of regeneration.
 r - a +1 helmet of see invisible (worn)
 s - a +2 pair of gloves (worn)
 w - a +2 cloak (worn)
 x - a +3 plate armour
 E - a +0 scale mail of fire resistance (worn)
 T - a +0 pair of boots of running (worn)
Jewellery
 k - an uncursed ring of see invisible
 J - a ring of protection from cold (right hand)
 P - the ring of Jumioneo (left hand) {rCorr rPois}
   (You found it on level 1 of the Spider Nest)

   [ring of resist corrosion]

   It protects you from poison.
Wands
 f - a wand of disintegration (17)
 j - a wand of polymorph (12)
 q - a wand of flame (134)
 A - a wand of iceblast (37)
 O - a wand of acid (28)
 W - a wand of paralysis (14)
 Y - a wand of enslavement (27)
Scrolls
 h - 21 scrolls of teleportation
 i - a scroll of torment
 l - 2 scrolls of fog
 n - 6 scrolls of enchant weapon
 o - 2 scrolls of enchant armour
 B - a scroll of magic mapping
 F - 2 scrolls of immolation
 G - 5 scrolls of remove curse
 I - 3 scrolls of identify
 L - 3 scrolls of summoning
 S - 2 scrolls of acquirement
 V - 3 scrolls of fear
Potions
 m - 2 potions of cancellation
 t - 5 potions of flight
 u - 8 potions of heal wounds
 v - 2 potions of magic
 z - 16 potions of curing
 C - 3 potions of invisibility
 H - 6 potions of brilliance
 K - 11 potions of ambrosia
 N - a potion of mutation
 Q - 2 potions of might
 U - 3 potions of lignification
Miscellaneous
 M - a sack of spiders
Comestibles
 R - 57 rations
 Z - 3 chunks of flesh


   Skills:
 + Level 19.0(16.6) Fighting
 - Level 14.0(12.0) Short Blades
 + Level 2.3(4.7) Long Blades
 - Level 13.5(11.4) Armour
 - Level 20.0(17.6) Dodging
 - Level 16.7(14.4) Stealth
 - Level 7.0(5.1) Shields


You had 19 spell levels left.
You didn't know any spells.

Dungeon Overview and Level Annotations

Branches:
Dungeon (15/15)            Temple (0/1) D:6            Lair (6/6) D:9
 Shoals (0/4) Lair:3       Spider (4/4) Lair:3        Slime (0/5) Lair:5
    Orc (2/2) D:11            Elf (0/3) Orc:2        Vaults (2/5) D:13
 Depths (0/5) D:15
  Crypt: Vaults:2-3

Altars:
Ashenzari
Cheibriados
Elyvilon
Kikubaaqudgha
Makhleb
Qazlal
Ru
Sif Muna
Yredelemnul
Zin
Beogh
Jiyva

Shops:
D:6 }   D:7 [   D:11 !   D:15 ==:**   Orc:1 *   Orc:2 %*(!:   Vaults:2 !}

Portals:
Trove: D:13 (give +4 demon trident)

Annotations:
D:4 2 transporters
D:5 Ijyb
Lair:1 exclusion: oklob plant
Lair:3 exclusion: 2 oklob plants
Lair:5 1 runed door, exclusion: oklob plant
Spider:3 exclusion: 2 ice statues


Innate Abilities, Weirdness & Mutations

You are small and have problems with some larger weapons.
You are carnivorous and can eat meat at any time.


Message History

The tengu reaver simulacrum seems to grow stronger.
Unknown command.
Things that are here:
a falchion; a scale mail; a human corpse You feel a strong urge to attack something.
You are no longer berserk.
You are exhausted.
You feel yourself slow down.
You feel much better.
The ironbrand convoker barely misses you.
The vault guard completely misses you.
The vault warden shoots a bolt.
The bolt hits you!!!
* * * LOW HITPOINT WARNING * * *
x2 The ironbrand convoker begins to recite a word of recall!
You see here a bolt.
The vault warden unwields an uncursed arbalest of velocity.
The vault warden wields an uncursed battleaxe of flaming.
It bursts into flame!
The vault warden hits you with an uncursed battleaxe of flaming!
You die...

.#......#...................#####
.#...)..#...................#....
.#......#...#########......)c.C..
.#....>.#...#.......#.......#.###
.#......+...#.......#.......#...#
.#......#...#.......#.......#....
.########)..#...)...#......c##p..
............#...)p..#......p##().
..........).#..)@...#.......#.p..
...........p#####.#'#.......#p..#
...............p(...........#T###
...............Z............#p..p
...#######..................#.p..
...##...##..................#####
...##^..##..................#
...##...##..................#
..###...##..................#


You could see a vault warden.

Vanquished Creatures
  Rupert (Lair:5)
  Asterion (Vaults:1)
  Agnes (D:14)
  Frances (D:14)
  A tengu reaver (Vaults:1)
  Donald (Vaults:2)
  6 vault wardens
  5 ghost moths (Spider:4)
  9 emperor scorpions
  Aizul (Spider:3)
  The ghost of Ethylacetat the Fencer, a journeyman DsMo of Trog (Lair:6)
  4 ironheart preservers
  2 entropy weavers
  2 stone giants (Vaults:2)
  A war gargoyle (Vaults:1)
  A spark wasp (Spider:4)
  An ettin (Vaults:1)
  Josephine (Lair:5)
  6 yaktaur captains
  A rakshasa (Vaults:1)
  A great orb of eyes (Vaults:2)
  6 ogre magi
  2 hydras
  The ghost of tidbits the Thaumaturge, a journeyman GnSk of Cheibriados (D:11)
  4 vault guards
  A death knight (Vaults:1)
  23 two-headed ogres
  7 death yaks
  7 centaur warriors
  4 deep troll earth magi
  The ghost of matthes123 the Cleaver, a novice DDFi of Makhleb (D:8)
  A deep elf knight (Vaults:1)
  4 skeletal warriors (Vaults:1)
  An unseen horror (D:11)
  A swamp dragon (shapeshifter) (Vaults:2)
  2 wizards (D:15)
  6 deep trolls
  11 orc knights
  A deep elf mage (D:14)
  A deep elf archer (Vaults:2)
  5 harpies (Vaults:2)
  A necromancer (D:15)
  The ghost of glosham the Shield-Bearer, a novice GnFi (D:7)
  40 wolf spiders
  8 ironbrand convokers
  25 ugly things
  22 orb spiders
  An orc sorcerer (Orc:2)
  11 cyclopes
  2 moths of wrath
  A black mamba (shapeshifter) (D:12)
  8 elephants
  2 centaur zombies
  A naga mage (D:15)
  6 black mambas
  5 vault sentinels
  A torpor snail (Lair:4)
  A gargoyle (D:14)
  32 spiny frogs
  7 komodo dragons
  2 freezing wraiths
  9 yaktaurs
  An efreet (D:15)
  A harpy zombie (D:15)
  A merfolk (Lair:3)
  2 polar bears (Lair:5)
  17 demonic crawlers
  8 tyrant leeches
  13 trolls
  Prince Ribbit (D:5)
  28 blink frogs
  38 jumping spiders
  The ghost of Thian the Chiller, an amateur DrIE of Vehumet (D:5)
  A blink frog (shapeshifter) (Vaults:2)
  7 hippogriffs
  9 hornets
  4 dream sheep (Lair:6)
  A raiju (shapeshifter) (D:13)
  27 slime creatures
  5 wyverns
  A shadow (D:12)
  104 redbacks
  43 tarantellas
  7 wraiths
  52 yaks
  A vampire (D:13)
  A tarantella (shapeshifter) (Vaults:1)
  15 humans
  3 fire bats (Lair:3)
  A hungry ghost (D:12)
  A basilisk (D:9)
  12 vampire mosquitoes
  Grum (D:8)
  2 wargs
  11 water moccasins
  An acid dragon (D:14)
  A water moccasin (shapeshifter) (Vaults:1)
  2 soldier ants
  5 porcupines
  4 ice beasts
  Duvessa (D:5)
  A swamp drake (D:9)
  3 black bears
  30 orc warriors
  3 sky beasts
  2 eyes of draining (D:12)
  4 phantoms
  9 boggarts
  2 wolves (D:8)
  9 crocodiles
  38 ogres
  7 centaurs
  A big kobold (D:13)
  20 bullfrogs
  Blork the orc (D:5)
  4 earth elementals (Spider:2)
  Dowan (D:5)
  31 scorpions
  An orc simulacrum (Vaults:1)
  12 killer bees
  3 wights
  A howler monkey (D:5)
  3 electric eels
  2 bullfrog zombies
  6 crimson imps
  8 hounds
  2 jellies
  3 bullfrog skeletons
  15 orc priests
  2 quasits
  5 centaur skeletons
  18 orc wizards
  Jessica (D:2)
  5 iguanas
  12 worker ants
  A hound skeleton (D:5)
  A worker ant zombie (D:10)
  Robin (D:2)
  A gnoll (D:3)
  A howler monkey skeleton (D:4)
  14 adders
  2 shadow imps
  An ooze (D:2)
  2 adder zombies (D:8)
  4 worms
  5 dart slugs
  4 leopard geckos
  87 orcs
  7 bats
  3 giant cockroaches
  5 hobgoblins
  17 jackals
  5 quokkas
  4 ball pythons
  7 frilled lizards
  15 goblins
  12 kobolds
  A leopard gecko skeleton (D:5)
  5 rats
1227 creatures vanquished.

Vanquished Creatures (collateral kills)
  Arachne (Spider:4)
  An entropy weaver (Spider:1)
  An orb spider (Spider:4)
  A wolf spider (Spider:4)
  A jumping spider (Spider:4)
  A hornet (Spider:4)
  3 redbacks
  A tarantella (Spider:4)
10 creatures vanquished.

Vanquished Creatures (others)
  A ghost moth (Spider:4)
  A deep elf mage (D:15)
  A vampire mosquito (Spider:3)
  19 fungi
  55 plants
77 creatures vanquished.

Grand Total: 1314 creatures vanquished

Notes
Turn   | Place    | Note
-------+----------+-------------------------------------------
     0 | D:1      | toffzen the Kobold Berserker began the quest for the Orb.
     0 | D:1      | Reached XP level 1. HP: 14/14 MP: 1/1
    90 | D:1      | Reached XP level 2. HP: 12/19 MP: 2/2
  1140 | D:2      | Reached XP level 3. HP: 23/23 MP: 3/3
  1387 | D:2      | Found a stormy altar of Qazlal.
  1435 | D:2      | Reached skill level 3 in Dodging
  1436 | D:2      | Noticed Robin
  1436 | D:2      | Reached ** piety under Trog
  1458 | D:2      | Reached skill level 5 in Short Blades
  1458 | D:2      | Reached XP level 4. HP: 28/29 MP: 4/4
  1463 | D:2      | Killed Robin
  1932 | D:2      | Noticed Jessica
  1936 | D:2      | Killed Jessica
  1936 | D:2      | Reached XP level 5. HP: 33/33 MP: 5/5
  2553 | D:2      | Found a deep blue altar of Sif Muna.
  2757 | D:3      | Reached XP level 6. HP: 38/38 MP: 6/6
  2929 | D:3      | Reached skill level 4 in Dodging
  3086 | D:3      | Reached *** piety under Trog
  3892 | D:4      | Noticed an ogre
  3976 | D:4      | Found a transporter.
  3989 | D:4      | Found a transporter.
  4010 | D:4      | Reached XP level 7. HP: 35/44 MP: 7/7
  4105 | D:4      | Found a sacrificial altar of Ru.
  4106 | D:4      | Found an ancient bone altar of Kikubaaqudgha.
  4107 | D:4      | Found a stormy altar of Qazlal.
  4952 | D:5      | Entered Level 5 of the Dungeon
  4964 | D:5      | Noticed Thian's ghost (amateur DrIE)
  4994 | D:5      | Killed Thian's ghost
  4994 | D:5      | Reached skill level 5 in Fighting
  5042 | D:5      | Noticed Prince Ribbit
  5166 | D:4      | Reached XP level 8. HP: 39/49 MP: 8/8
  5267 | D:5      | Reached skill level 5 in Dodging
  5413 | D:5      | Noticed Blork the orc
  5430 | D:5      | Killed Blork the orc
  5546 | D:5      | Reached **** piety under Trog
  5595 | D:5      | Noticed Dowan
  5833 | D:5      | Noticed Duvessa
  5849 | D:5      | Killed Duvessa
  5853 | D:5      | Killed Dowan
  5964 | D:5      | Killed Prince Ribbit
  5964 | D:5      | Reached skill level 6 in Dodging
  5964 | D:5      | Reached XP level 9. HP: 55/55 MP: 9/9
  6119 | D:5      | Noticed Ijyb
  6220 | D:6      | Reached skill level 10 in Short Blades
  6590 | D:6      | Found a staircase to the Ecumenical Temple.
  6713 | D:6      | Found a burning altar of Makhleb.
  6918 | D:6      | Found a white marble altar of Elyvilon.
  7234 | D:6      | Found Epnam Saiho's Gadget Emporium.
  7850 | D:7      | Reached skill level 1 in Shields
  7900 | D:7      | Noticed glosham's ghost (novice GnFi)
  7938 | D:7      | Killed glosham's ghost
  7938 | D:7      | Reached skill level 5 in Armour
  7938 | D:7      | Reached skill level 7 in Dodging
  7938 | D:7      | Reached XP level 10. HP: 63/63 MP: 10/10
  8155 | D:7      | Found Apopeori's Armour Shoppe.
  8413 | D:8      | Noticed matthes123's ghost (novice DDFi)
  8763 | D:8      | Killed matthes123's ghost
  8881 | D:8      | Found a shattered altar of Ashenzari.
  9204 | D:8      | Noticed Grum
  9671 | D:8      | Killed Grum
 10079 | D:9      | Noticed a two-headed ogre
 10092 | D:9      | Killed a two-headed ogre
 10092 | D:9      | Reached skill level 8 in Dodging
 10548 | D:9      | Found a staircase to the Lair.
 10615 | D:9      | Reached XP level 11. HP: 38/68 MP: 11/11
 11076 | D:9      | Found a snail-covered altar of Cheibriados.
 11297 | D:10     | Entered Level 10 of the Dungeon
 12335 | D:10     | Reached skill level 9 in Dodging
 12767 | D:10     | Identified Onne's Tome of Battle Magic and the Entourage
 12930 | Lair:1   | Entered Level 1 of the Lair of Beasts
 13726 | Lair:1   | Noticed an eight-headed hydra
 13742 | Lair:1   | Killed an eight-headed hydra
 14070 | Lair:1   | Found a basalt altar of Yredelemnul.
 14071 | Lair:1   | Noticed an oklob plant
 14300 | Lair:1   | Reached XP level 12. HP: 67/76 MP: 12/12
 14421 | Lair:1   | Reached skill level 10 in Dodging
 14847 | Lair:1   | Reached skill level 10 in Fighting
 16067 | Lair:2   | Reached skill level 11 in Dodging
 16889 | Lair:3   | Found a hole to the Spider Nest.
 17701 | Lair:3   | Found a staircase to the Shoals.
 17715 | Lair:3   | Reached skill level 1 in Stealth
 17955 | Lair:3   | Reached XP level 13. HP: 76/84 MP: 13/13
 19328 | Lair:5   | Reached skill level 12 in Dodging
 19346 | Lair:5   | Reached ***** piety under Trog
 19418 | Lair:5   | Noticed Rupert
 19567 | Lair:5   | Reached skill level 5 in Stealth
 19943 | Lair:5   | Killed Rupert
 19943 | Lair:5   | Received a gift from Trog
 20207 | Lair:5   | Found a runed door.
 20207 | Lair:5   | Found a viscous altar of Jiyva.
 20208 | Lair:5   | Found a staircase to the Slime Pits.
 20684 | Lair:5   | Reached XP level 14. HP: 73/92 MP: 4/14
 20841 | Lair:5   | Noticed Josephine
 20858 | Lair:5   | Killed Josephine
 20858 | Lair:5   | Reached skill level 13 in Dodging
 21608 | Lair:6   | Entered Level 6 of the Lair of Beasts
 22183 | Lair:6   | Noticed Ethylacetat's ghost (journeyman DsMo)
 22436 | Lair:6   | Killed Ethylacetat's ghost
 22470 | Lair:6   | Reached skill level 10 in Armour
 22548 | Lair:6   | Received a gift from Trog
 22895 | Lair:6   | Reached skill level 10 in Stealth
 23409 | Lair:6   | Reached skill level 14 in Dodging
 23967 | Lair:6   | Reached XP level 15. HP: 99/99 MP: 5/15
 25213 | D:11     | Found Qiymuc's Distillery.
 25218 | D:11     | Bought a potion of heal wounds for 60 gold pieces
 25218 | D:11     | Bought 2 potions of heal wounds for 120 gold pieces
 25218 | D:11     | Bought 2 potions of heal wounds for 120 gold pieces
 25218 | D:11     | Bought a potion of might for 48 gold pieces
 25218 | D:11     | Bought a potion of might for 48 gold pieces
 25218 | D:11     | Bought a potion of agility for 48 gold pieces
 25231 | D:11     | Found a staircase to the Orcish Mines.
 25422 | D:11     | Noticed tidbits's ghost (journeyman GnSk)
 25499 | D:11     | Killed tidbits's ghost
 26947 | D:13     | Found a gate to the Vaults.
 27281 | D:13     | Reached skill level 15 in Dodging
 27326 | D:13     | Found a portal to a secret trove of treasure.
 27702 | D:13     | Received a gift from Trog
 27951 | D:13     | Reached ****** piety under Trog
 28527 | D:14     | Noticed Frances
 28547 | D:14     | Killed Frances
 28762 | D:14     | Noticed Agnes
 28786 | D:14     | Killed Agnes
 29142 | D:14     | Reached XP level 16. HP: 107/107 MP: 5/16
 29426 | D:15     | Entered Level 15 of the Dungeon
 29522 | D:15     | Found Moihedd's General Store.
 29551 | D:15     | Identified a scroll of acquirement
 29628 | D:15     | Found Gojis's Jewellery Shoppe.
 29665 | D:15     | Found Ubopn's Book Shoppe.
 29761 | D:15     | Found Tiredgh's Jewellery Boutique.
 30099 | D:15     | Found a staircase to the Depths.
 30292 | D:15     | Found Helines's Assorted Antiques.
 30423 | D:15     | Found a glowing silver altar of Zin.
 30891 | Orc:1    | Entered Level 1 of the Orcish Mines
 30935 | Orc:1    | Received a gift from Trog
 31622 | Orc:2    | Entered Level 2 of the Orcish Mines
 31765 | Orc:2    | Found a staircase to the Elven Halls.
 31767 | Orc:2    | Found Qexzyph's Food Emporium.
 31967 | Orc:2    | Found Plog's Assorted Antiques.
 32008 | Orc:2    | Received a gift from Trog
 32024 | Orc:2    | Reached skill level 15 in Fighting
 32024 | Orc:2    | Reached skill level 16 in Dodging
 33342 | Orc:2    | Found Eleruc's Distillery.
 33343 | Orc:2    | Found Jamebeiz's Book Boutique.
 33386 | Orc:2    | Found Vooxayl's Antique Weapon Emporium.
 33674 | Orc:1    | Found Ikhac's General Store.
 33691 | Orc:1    | Found a roughly hewn altar of Beogh.
 33964 | D:15     | Bought an uncursed ring of poison resistance for 260 gold pieces
 34239 | Spider:1 | Entered Level 1 of the Spider Nest
 35761 | Spider:1 | Received a gift from Trog
 35761 | Spider:1 | Reached XP level 17. HP: 114/114 MP: 5/17
 35870 | Spider:1 | Got a brightly glowing platinum ring
 35872 | Spider:1 | Identified the ring of Jumioneo {rCorr rPois} (You found it on level 1 of the Spider Nest)
 37136 | Spider:1 | Reached skill level 17 in Dodging
 37643 | Spider:1 | Received a gift from Trog
 43110 | Spider:3 | Noticed Aizul
 43165 | Spider:3 | Killed Aizul
 43267 | Spider:3 | Reached XP level 18. HP: 119/122 MP: 6/18
 44001 | Spider:3 | Received a gift from Trog
 44104 | Spider:3 | Found the +8 lance "Wyrmbane" {slay drac, rPois rF+ rC+ AC+3}
 44714 | Spider:4 | Entered Level 4 of the Spider Nest
 44946 | Spider:4 | Reached skill level 18 in Dodging
 45405 | Spider:4 | Got a dazzling shield
 45407 | Spider:4 | Noticed Arachne
 45431 | Spider:3 | Identified the cursed +0 shield of Otryiplo {Regen+ Str+7 Int+3 Dex-3} (You found it on level 4 of the Spider Nest)
 45478 | Spider:4 | Killed Arachne
 45879 | Spider:4 | Reached skill level 15 in Stealth
 46117 | Spider:4 | Received a gift from Trog
 47490 | Spider:4 | Reached skill level 5 in Shields
 47665 | Spider:4 | Got a gossamer rune of Zot
 47709 | Spider:4 | Reached XP level 19. HP: 113/128 MP: 0/19
 48305 | Vaults:1 | Entered Level 1 of the Vaults
 48501 | Vaults:1 | Identified a +0 pair of boots of running (You found it on level 1 of the Vaults)
 48533 | Vaults:1 | Noticed Asterion
 48578 | Vaults:1 | Killed Asterion
 48778 | Vaults:1 | Paralysed by an ogre mage for 4 turns
 48904 | Vaults:1 | Reached skill level 19 in Dodging
 50683 | Vaults:1 | Received a gift from Trog
 51900 | Vaults:2 | Found Otacuxt's Distillery.
 52030 | Vaults:2 | Found Huyb Tyd's Gadget Shoppe.
 52064 | Vaults:2 | Noticed Donald
 52092 | Vaults:2 | Killed Donald
 52092 | Vaults:2 | Reached XP level 20. HP: 137/137 MP: 6/20
 52762 | Vaults:2 | Reached skill level 20 in Dodging
 53203 | Vaults:2 | Got a twisted scimitar
 53204 | Vaults:2 | Identified the +5 scimitar of Buzet {venom, *Contam *Drain rElec MR+++} (You found it on level 2 of the Vaults)
 53401 | Vaults:2 | Received a gift from Trog
 53684 | Vaults:2 | Reached skill level 1 in Long Blades
 53882 | Vaults:2 | Mangled by a vault warden

Skill      XL: |  1  2  3  4  5  6  7  8  9 10 11 12 13 14 15 16 17 18 19 20 |
---------------+-------------------------------------------------------------+-----
Dodging        | 3 4 6 7 8 9 11 12 14 15 16 17 18 19 20 | 20.0
Armour         | 2 3 4 5 6 8 9 10 11 12 13 | 13.5
Short Blades   | 5 6 7 9 11 12 14 | 14.0
Fighting       | 4 5 6 7 8 9 11 12 13 14 15 16 17 18 19 | 19.0
Shields        | 1 3 4 5 7 |  7.0
Stealth        | 2 7 10 11 12 13 15 16 | 16.7
Long Blades    | 2 |  2.3

Action                   |  1- 3 |  4- 6 |  7- 9 | 10-12 | 13-15 | 16-18 | 19-21 || total
-------------------------+-------+-------+-------+-------+-------+-------+-------++-------
Melee: Short sword       |   114 |   257 |   345 |   396 |       |       |       ||  1112
       Dagger            |       |       |   301 |   413 |       |       |       ||   714
       Rapier            |       |       |       |   622 |   302 |       |       ||   924
       Quick blade       |       |       |       |       |  1958 |  3687 |  1475 ||  7120
       Scimitar          |       |       |       |       |       |       |   108 ||   108
 Fire: Blowgun           |       |       |       |    21 |       |       |       ||    21
Throw: Stone             |     5 |       |    15 |    39 |    27 |   120 |    10 ||   216
Invok: Berserk           |     2 |     9 |    10 |    19 |    10 |    21 |     8 ||    79
       Trog's Hand       |     1 |       |     7 |     9 |    12 |    20 |    10 ||    59
       Burn Spellbooks   |       |       |       |       |     3 |     1 |     1 ||     5
       Brothers in Arms  |       |       |       |       |     1 |     3 |       ||     4
Evoke: Wand              |       |       |    10 |     4 |     6 |    23 |       ||    43
  Use: Scroll            |       |     1 |    10 |    12 |    10 |    11 |     3 ||    47
       Potion            |       |       |     1 |     1 |     2 |     3 |     5 ||    12
 Stab: Sleeping          |       |       |       |     1 |    10 |    12 |    24 ||    47
       Held in net/web   |       |       |       |     1 |       |     1 |       ||     2
       Distracted        |       |       |       |       |     2 |     7 |     1 ||    10
  Eat: Chunk             |     3 |    24 |    23 |    53 |    54 |    78 |    35 ||   270
       Ration            |     1 |       |       |       |       |     1 |     1 ||     3
Armor: Animal skin       |     4 |       |       |       |       |       |       ||     4
       Chain mail        |    37 |    95 |   177 |       |       |       |       ||   309
       Scale mail        |       |       |     8 |   226 |   180 |   452 |   140 ||  1006
Dodge: Dodged            |    71 |    99 |   180 |   629 |   765 |  1683 |   475 ||  3902
Block: Buckler           |       |       |    26 |   254 |   293 |   391 |       ||   964
       Shield            |       |       |       |       |       |   200 |   406 ||   606
       Rpst.: Scimitar   |       |       |       |       |       |       |    23 ||    23
